 Dungeon Crawl Stone Soup version 0.31-a0-831-g143b1e81fc (webtiles) character file.

Game seed: 2740288803943513390

88 theswoord the Twirler (level 4, 0/33 HPs)
             Began as a Demonspawn Gladiator on Sept 25, 2023.
             Killed by divine providence
             ... invoked by an orc priest
              (15 damage)
             ... on level 3 of the Dungeon.
             The game lasted 00:02:31 (2405 turns).

theswoord the Twirler (Demonspawn Gladiator)        Turns: 2405, Time: 00:02:31

Health: 0/33       AC:  9    Str: 16    XL:     4   Next: 30%
Magic:  4/4        EV: 10    Int:  9    God:
Gold:   125        SH:  0    Dex: 15    Spells: 3/3 levels left

rFire   . . .        a - +0 quarterstaff
rCold   . . .        (shield currently unavailable)
rNeg    . . .        j - +1 scale mail
rPois   .            c - +0 helmet
rElec   .            (no cloak)
rCorr   .            (no gloves)
SInv    .            (no boots)
Will    .....        (no amulet) Stlth
                     (no ring)
HPRegen 0.25/turn    (no ring)
MPRegen 0.09/turn

%: no passive effects
@: no status effects
A: rugged brown scales 1, demonic touch 1
a: no special abilities


You were on level 3 of the Dungeon.
You visited 1 branch of the dungeon, and saw 3 of its levels.

You collected 125 gold pieces.

Inventory:

Hand Weapons
 a - a +0 quarterstaff (weapon)
Missiles
 d - 3 throwing nets (quivered)
 e - a javelin
Armour
 b - a +0 leather armour
 c - a +0 helmet (worn)
 j - a +1 scale mail (worn)
Jewellery
 f - an amulet of regeneration
 g - a ring of see invisible
Scrolls
 m - 2 scrolls of fog {unknown}
 p - a scroll of fear {unknown}
Potions
 h - a potion of invisibility {unknown}
 i - 2 potions of haste
 k - a potion of resistance {unknown}
 l - a potion of brilliance {unknown}
 n - a potion of degeneration {unknown}
 o - 2 potions of lignification {unknown}


   Skills:
 - Level 2.0 Fighting
 + Level 4.7 Staves
 - Level 1.7 Throwing
 - Level 2.6 Dodging


You had 3 spell levels left.
You didn't know any spells.
Your spell library was empty.

Dungeon Overview and Level Annotations

Branches:
Dungeon (3/15)

Altars:
Ashenzari


Innate Abilities, Weirdness & Mutations

You are partially covered in rugged brown scales. (AC +1, +3% HP)
Your touch may inflict minor irresistible damage on your foes.


Message History

You sock the kobold!
You kill the kobold!
No target in view!
No target in view!
No target in view!
No target in view!
p - a scroll labelled FIROWK YWNIYL
Things that are here:
a +0 dagger; a stone
There is a stone staircase leading up here.
There is a stone staircase leading up here.
Found a stone staircase leading down.
Items here: " ( ) [.
There is a stone staircase leading up here.
You see here a +0 long sword.
An orc priest comes into view. It is wielding a +0 hand axe.
The orc priest shouts!
An orc comes into view. It is wielding a +0 short sword.
There are monsters nearby!
There are monsters nearby!
An orc wizard comes into view. It is wielding a +0 dagger.
The orc shouts!
The orc wizard shouts!
The orc wizard moves out of view.
A giant cockroach comes into view.
You closely miss the orc priest.
The orc priest hits you with a +0 hand axe.
A goblin comes into view. It is wielding a +0 club.
The goblin shouts!
You hit the orc priest.
The orc priest hits you but does no damage.
The orc barely misses you.
You sock the orc priest!
The orc priest calls down the wrath of Beogh upon you.
Beogh smites you!
* * * LOW HITPOINT WARNING * * *
You barely miss the orc priest.
An orc comes into view. It is wielding a +0 club.
The orc priest invokes the aid of Beogh against you.
Beogh smites you!
You die...

#.#...###........#
#.#.....#........#
# ##..#.#........#
#.##..#.#.########
#.........# ###
#######.### ..
#.####### .# o#.
#.......##.#g....
#######..@oo.#
####oB...# ######


You could see an orc priest, an orc wizard, 2 orcs, a giant cockroach and a
goblin.

Vanquished Creatures
  2 adders (D:2)
  A worm (D:2)
  2 dart slugs
  8 endoplasms
  2 giant cockroaches
  9 goblins
  2 hobgoblins (D:1)
  3 jackals (D:2)
  7 quokkas
  7 ball pythons
  3 bats
  4 frilled lizards
  4 kobolds
  4 rats
58 creatures vanquished.

Notes
Turn   | Place    | Note
-------+----------+-------------------------------------------
     0 | D:1      | theswoord the Demonspawn Gladiator began the quest for the
                  | Orb.
     0 | D:1      | Reached XP level 1. HP: 16/16 MP: 1/1
    65 | D:1      | Reached skill level 3 in Staves
    77 | D:1      | Gained mutation: Your touch may inflict minor irresistible
                  | damage on your foes. [demonic ancestry]
    77 | D:1      | Reached XP level 2. HP: 17/22 MP: 2/2
   863 | D:2      | Gained mutation: You are partially covered in rugged brown
                  | scales. (AC +1, +3% HP) [demonic ancestry]
   863 | D:2      | Reached XP level 3. HP: 21/27 MP: 3/3
   865 | D:2      | Reached skill level 4 in Staves
  1759 | D:3      | Reached XP level 4. HP: 33/33 MP: 4/4
  1898 | D:3      | Found a broken altar of Ashenzari.
  2405 | D:3      | Killed from afar by an orc priest

Skill      XL: |  1  2  3 |
---------------+----------+-----
Staves         | 3 4 |  4.7
Fighting       | |  2.0
Throwing       | |  1.7
Dodging        | |  2.6

Action                     |  1- 3 |  4- 6 || total
---------------------------+-------+-------++-------
  Melee: Quarterstaff      |   117 |    46 ||   163
    Use: Scroll            |     7 |       ||     7
 Armour: Leather armour    |    17 |       ||    17
         Scale mail        |    39 |    40 ||    79
  Dodge: Dodged            |    76 |    27 ||   103

Levels and vault maps discovered:
D:1:      onia_arrival_pentagram, layout_basic
D:2:      wander_river, layout_basic
D:3:      layout_loops_cross, ashenzari_conservatory_becter, bh_walls_and_bars
